 Dungeon Crawl Stone Soup version 0.21.0-3-g78d12a8 (webtiles) character file.

331 inmateoo the Shield-Bearer (level 6, -1/39 HPs)
             Began as a Gargoyle Fighter on Jan 13, 2018.
             Was an Initiate of the Shining One.
             Killed from afar by an orc wizard (7 damage)
             ... with a puff of flame
             ... on level 4 of the Dungeon.
             The game lasted 00:02:58 (2316 turns).

inmateoo the Shield-Bearer (Gargoyle Fighter)       Turns: 2316, Time: 00:02:59

Health: -1/39      AC: 12    Str: 22    XL:     6   Next: 52%
Magic:  6/6        EV:  7    Int:  8    God:    the Shining One [......]
Gold:   136        SH:  9    Dex:  9    Spells: 5/5 levels left

rFire    . . .     SeeInvis .   a - +0 flail
rCold    + . .     Gourm    .   c - +0 shield
rNeg     + . .     Faith    .   b - +0 scale mail
rPois    ∞         Spirit   .   (no helmet)
rElec    +         Reflect  .   (no cloak)
rCorr    .         Harm     .   (no gloves)
MR       .....                  n - +0 pair of boots
Stlth    ..........             (no amulet)
HPRegen  0.13/turn              e - ring of protection from cold
MPRegen  0.10/turn              (no ring)

@: glowing
A: negative energy resistance 1, electricity resistance, unbreathing,
petrification resistance, rot immunity, AC +4
a: Renounce Religion


You were on level 4 of the Dungeon.
You worshipped the Shining One.
The Shining One was noncommittal.
You were not hungry.

You visited 1 branch of the dungeon, and saw 4 of its levels.

You collected 136 gold pieces.

Inventory:

Hand Weapons
 a - a +0 flail (weapon)
Armour
 b - a +0 scale mail (worn)
 c - a +0 shield (worn)
 n - a +0 pair of boots (worn)
Jewellery
 e - a ring of protection from cold (left hand)
Wands
 d - a wand of polymorph (17)
Scrolls
 i - 2 scrolls of magic mapping
 m - 3 scrolls of amnesia
Potions
 g - a potion of flight
 p - a potion of degeneration {unknown}
Comestibles
 f - 10 rations


   Skills:
 + Level 4.5 Fighting
 * Level 4.4 Maces & Flails
 + Level 4.5 Armour
 + Level 4.5 Shields


You had 5 spell levels left.
You didn't know any spells.

Dungeon Overview and Level Annotations

Branches:
Dungeon (4/15)
 Temple: D:4-7

Altars:
Dithmenos
Fedhas
Wu Jian
The Shining One


Innate Abilities, Weirdness & Mutations

You are resistant to torment.
Your stone body is resilient. (AC +4)
You are immune to poison.
You resist negative energy. (rN+)
You are resistant to electric shocks. (rElec)
You can survive without breathing.
You are immune to petrification.
You are immune to rotting.


Message History

Deactivating autopickup; reactivate with Ctrl-A.
Something hits you but does no damage.
You hear some strange, mumbled words.
A puff of flame appears from out of thin air!
You block the puff of flame.
A magic dart appears from out of thin air!
The magic dart hits you!
A puff of frost appears from out of thin air!
The puff of frost hits you!
A puff of frost appears from out of thin air!
The puff of frost misses you. You block something's attack.
A magic dart appears from out of thin air!
The magic dart hits you!
* * * LOW HITPOINT WARNING * * *
There is a stone staircase leading up here.
You hear some strange, mumbled words.
A puff of flame appears from out of thin air!
The puff of flame hits you!
You die...

#########
#.......##
#........#
#........#
#........#######
#..{..o...(....#
#@...o..#.####..
#<......#.#
#.....>.#{#
#####.###o# #†#
#.# #.# #o# #.#
#o# #.# #.## #.#
#..##


You could see 2 orcs.

Vanquished Creatures
  The ghost of Aviak the Caller, an amateur FoSu (D:3)
  8 gnolls (D:3)
  6 adders
  2 oozes (D:3)
  A dart slug (D:3)
  2 leopard geckos
  4 orcs (D:3)
  2 giant cockroaches (D:1)
  6 hobgoblins
  3 jackals (D:1)
  5 kobolds
  A quokka (D:2)
  10 bats
  2 frilled lizards (D:3)
  7 goblins
  9 rats
69 creatures vanquished.

Vanquished Creatures (others)
  An orc wizard (D:4)
1 creature vanquished.

Grand Total: 70 creatures vanquished

Notes
Turn   | Place    | Note
-------+----------+-------------------------------------------
     0 | D:1      | inmateoo the Gargoyle Fighter began the quest for the Orb.
     0 | D:1      | Reached XP level 1. HP: 14/14 MP: 1/1
   184 | D:1      | Reached XP level 2. HP: 19/19 MP: 2/2
   710 | D:2      | Reached XP level 3. HP: 23/23 MP: 3/3
  1241 | D:2      | Reached XP level 4. HP: 29/29 MP: 4/4
  1261 | D:3      | Noticed Aviak's ghost (amateur FoSu)
  1298 | D:3      | Killed Aviak's ghost
  1298 | D:3      | Reached XP level 5. HP: 18/33 MP: 5/5
  1575 | D:3      | Reached XP level 6. HP: 35/38 MP: 6/6
  1656 | D:3      | Found a glowing golden altar of the Shining One.
  1841 | D:3      | Became a worshipper of the Shining One
  2052 | D:3      | Found a blossoming altar of Fedhas.
  2052 | D:3      | Found an ornate altar of the Wu Jian Council.
  2053 | D:3      | Found a shadowy altar of Dithmenos.
  2316 | D:4      | Killed from afar by an orc wizard

Skill      XL: |  1  2  3  4  5 |
---------------+----------------+-----
Maces & Flails | 3 4 |  4.4
Fighting       | 4 |  4.5
Armour         | 4 |  4.5
Shields        | 4 |  4.5

Action                   |  1- 3 |  4- 6 || total
-------------------------+-------+-------++-------
Melee: Flail             |   124 |   185 ||   309
  Use: Potion            |       |     2 ||     2
       Scroll            |       |     7 ||     7
  Eat: Chunk             |     1 |     4 ||     5
Armor: Scale mail        |    63 |    98 ||   161
Dodge: Dodged            |    56 |    49 ||   105
Block: Shield            |    67 |   104 ||   171
